 Dungeon Crawl Stone Soup version 0.28-a0-643-g84cb2ea78e (webtiles) character file.

Game seed: 5719541058740996112

135 Sabo the Skirmisher (level 5, -2/49 HPs)
             Began as a Naga Fighter on Oct 10, 2021.
             Was an Initiate of Gozag.
             Slain by Duvessa (5 damage)
             ... on level 4 of the Dungeon.
             The game lasted 00:18:11 (3466 turns).

Sabo the Skirmisher (Naga Fighter)                  Turns: 3466, Time: 00:18:13

Health: -2/49      AC:  7    Str: 18    XL:     5   Next: 18%
Magic:  5/5        EV:  5    Int:  9    God:    Gozag
Gold:   330        SH:  8    Dex: 11    Spells: 4/4 levels left

rFire   . . .      SeeInvis +   a - +0 war axe
rCold   . . .      Faith    .   v - +0 kite shield
rNeg    + . .      Spirit   .   t - +2 scale mail {rN+}
rPois   +          Reflect  .   (no helmet)
rElec   .          Harm     .   (no cloak)
rCorr   .          Rampage  .   (no gloves)
Will    .....                   (no barding)
Stlth   ..........              (no amulet)
HPRegen 0.16/turn               (no ring)
MPRegen 0.09/turn               (no ring)

@: mighty, gold aura, very slow
A: AC +1, large, see invisible, deformed body, poison resistance, slowness 2,
spit poison 1, naga tail 1
a: Spit Poison, Renounce Religion, Potion Petition, Call Merchant, Bribe Branch


You were on level 4 of the Dungeon.
You worshipped Gozag.
Gozag was aware of your devotion.
You visited 1 branch of the dungeon, and saw 4 of its levels.

You collected 330 gold pieces.

Inventory:

Hand Weapons
 a - a +0 war axe (weapon)
Missiles
 e - 16 poisoned darts
 o - a throwing net
 p - 24 arrows
 q - 22 sling bullets
 s - 68 bolts
Armour
 t - a +2 scale mail of positive energy (worn)
 v - a +0 kite shield (worn)
Jewellery
 k - a ring of fire
Scrolls
 f - a scroll of fog
 i - a scroll of teleportation
 r - a scroll of magic mapping
 u - a scroll of fear {unknown}
 w - 2 scrolls of enchant armour {unknown}
Potions
 b - a potion of invisibility {unknown}
 c - a potion of heal wounds {unknown}
 d - a potion of might
 g - 2 potions of ambrosia {unknown}
 h - a potion of brilliance {unknown}
 j - a potion of flight {unknown}
 l - a potion of lignification {unknown}
 m - a potion of haste {unknown}
 n - a potion of degeneration {unknown}


   Skills:
 + Level 3.4 Fighting
 + Level 3.4 Axes
 + Level 3.3 Armour
 + Level 0.4 Dodging
 + Level 0.4 Stealth
 + Level 2.7 Shields


You had 4 spell levels left.
You didn't know any spells.
Your spell library was empty.

Dungeon Overview and Level Annotations

Branches:
Dungeon (4/15)             Temple (0/1) D:4

Altars:
Dithmenos
Gozag
Okawaru

Shops:
D:3 :   D:4 [

Annotations:
D:4 Dowan, Duvessa


Innate Abilities, Weirdness & Mutations

Your serpentine skin is tough. (AC +1)
You have supernaturally acute eyesight. (SInv)
Armour fits poorly on your strangely shaped body.
Your system is resistant to poisons. (rPois)
You cover ground very slowly.
You can spit poison.
You have a snake-like lower body.


Message History

Duvessa shouts!
Dowan shouts!
The hound barks!
The hound bites you.
A quokka and a giant cockroach come into view.
You hear the slow rusting of a drain very nearby.
The hound bites you.
Dowan casts a spell.
Dowan blinks!
You block the hound's attack.
The quokka moves out of view.
The hound barely misses you.
Duvessa says, "Where magic fails, the sword succeeds!"
You block Duvessa's attack.
The giant cockroach waves its antennae.
You block the hound's attack.
Dowan points at you and mumbles some strange words.
The puff of flame hits you! Duvessa hits you with a +0 short sword!
You hit Dowan but do no damage. You hit Duvessa but do no damage.
You hit the hound. You hit the quokka. You block the hound's attack.
The quokka twitches its whiskers.
You block the quokka's attack. The hound barely misses you.
Dowan hits you with a +0 dagger.
* * * LOW HITPOINT WARNING * * *
You block Duvessa's attack.
The quokka bites you but does no damage.
The hound bites you but does no damage.
You feel very mighty all of a sudden. You block Dowan's attack.
Duvessa hits you but does no damage. You block the hound's attack.
The quokka barely misses you.
You miss Dowan. You hit the quokka.
You kill the quokka!
You closely miss the hound. You barely miss Duvessa.
You closely miss the giant cockroach. The hound bites you.
* * * LOW HITPOINT WARNING * * *
Dowan hits you with a +0 dagger.
* * * LOW HITPOINT WARNING * * *
The giant cockroach bites you but does no damage.
Duvessa hits you with a +0 short sword!
* * * LOW HITPOINT WARNING * * *
You block the hound's attack. Dowan hits you but does no damage.
Duvessa hits you with a +0 short sword.
You die...
Your body crumbles into a pile of gold.

*,** #.##.# *,,,*,* *,*
#..(.#####.#,****** *,*
#...........,,,,,,* *,*
##.######..#*****,* *,* #.#
*,,******,* *,* #.#
*,,,,,,,,,, *,*
#######.######.,******,,
*,**#.....h........,,,,,**,,
*,,,......e@######.,***,**,,
*,**#.####Be$......,* *,**,$
*,,,,,* #.........,* *,,,,,
******* #####.####*******,,
*..≈≈≈≈≈≈≈≈≈,,,
*,.≈≈≈≈∩≈≈≈≈,,,
**,≈≈≈≈≈≈≈≈≈,,,
**###*******,, ***


You could see Duvessa, Dowan, a hound and a giant cockroach.

Vanquished Creatures
  A jelly (D:4)
  5 adders
  A dart slug (D:4)
  A worm (D:3)
  2 orcs (D:4)
  5 ball pythons
  4 bats
  8 endoplasms
  8 goblins
  3 hobgoblins
  3 jackals (D:1)
  A kobold (D:4)
  4 quokkas
  A frilled lizard (D:1)
  2 rats
49 creatures vanquished.

Vanquished Creatures (others)
  A plant (D:3)
1 creature vanquished.

Grand Total: 50 creatures vanquished

Notes
Turn   | Place    | Note
-------+----------+-------------------------------------------
     0 | D:1      | Sabo the Naga Fighter began the quest for the Orb.
     0 | D:1      | Reached XP level 1. HP: 21/21 MP: 1/1
    41 | D:1      | Found a faded altar of an unknown god.
   200 | D:1      | Reached XP level 2. HP: 14/28 MP: 2/2
   750 | D:1      | Prayed at the altar of an unknown god.
   750 | D:1      | Became a worshipper of Gozag Ym Sagoz the Greedy
   948 | D:2      | Reached XP level 3. HP: 27/34 MP: 3/3
  1119 | D:2      | You fall into a shaft and drop 1 floor!
  1661 | D:3      | Reached XP level 4. HP: 36/42 MP: 4/4
  1735 | D:3      | Found Yxihocw's Book Shop.
  2321 | D:3      | Found a shadowy altar of Dithmenos.
  2321 | D:3      | Found an iron altar of Okawaru.
  3423 | D:4      | Found Giumyej's Armour Shoppe.
  3434 | D:4      | Reached XP level 5. HP: 41/49 MP: 5/5
  3461 | D:4      | Noticed Duvessa
  3461 | D:4      | Noticed Dowan
  3466 | D:4      | Slain by Duvessa

Illustrated notes

Levels and vault maps discovered:
D:1:      mrwooster_arrival_statue_3, layout_rooms,
          ebering_ecumenical_altar_hall, minmay_tetromino_o4
D:2:      layout_loops_ring
D:3:      layout_loops_ring, gammafunk_temple_overflow_statue, serial_shops,
          nicolae_diamond_shop, corexii_shack
D:4:      layout_loops_ring, minmay_temple_entry_water_ring,
          portal_sewer_entry_f, serial_shops, nicolae_stop_n_shop_1,
          nicolae_shop_trees, minmay_surrounded, uniq_duvessa, uniq_natasha

Skill      XL: |  1  2  3  4 |
---------------+-------------+-----
Armour         | 3 |  3.3
Axes           | 3 |  3.4
Fighting       | |  3.4
Dodging        | |  0.4
Stealth        | |  0.4
Shields        | |  2.7

Action                   |  1- 3 |  4- 6 || total
-------------------------+-------+-------++-------
Melee: War axe           |    69 |    56 ||   125
 Abil: Spit Poison       |    13 |     2 ||    15
  Use: Scroll            |     2 |     3 ||     5
       Potion            |       |     1 ||     1
 Stab: Distracted        |     1 |       ||     1
Armor: Scale mail        |    26 |    28 ||    54
Dodge: Dodged            |    35 |    13 ||    48
Block: Buckler           |    14 |     3 ||    17
       Kite shield       |       |    28 ||    28

Table legend: (Time is in decaauts)
 A = Elapsed time spent in this place.
 B = Non-inter-level travel time spent in this place.
 C = Inter-level travel time spent in this place.
 D = Time resting spent in this place.
 E = Time spent auto-exploring this place.
 F = Levels seen in this place.
 G = Mean time per level.
                   A        B        C        D        E       F      G
               +--------+--------+--------+--------+--------+-----+--------+
         Total |   4429 |   4429 |      0 |    937 |      0 |   4 | 1107.2 |
       Dungeon |   4429 |   4429 |      0 |    937 |      0 |   4 | 1107.2 |
               +--------+--------+--------+--------+--------+-----+--------+

Top non-repeatable levels by time:
     D:3: 1810 daAuts
     D:2: 1366 daAuts
     D:1: 1147 daAuts
     D:4: 104 daAuts
